Map: 16 bits EC

Players

PuBkracker

  • Race: Zerg Zerg
  • League: Diamond
  • Spawn Location: 1:00

HoldTheDoor - Winner!

  • Race: Protoss Protoss
  • League: Diamond
  • Spawn Location: 7:00

VOD

Have the link to the VOD?

Description

Time

  • Played on: July 16, 2018, 5:33 a.m.
  • Length: 8:14
Show
View Real Time Build Order
Export as new Build Order

PuBkracker Zerg 

Build Orders: Hatch First, Zergling Baneling 

Get SALT Encoding   

  12  0:01  Drone  
  13  0:12  Overlord  
  13  0:17  Drone  
  14  0:32  Drone x2  
  14  0:35  Drone  
  17  0:55  Hatchery  
  16  1:02  Extractor  
  16  1:03  Drone x2  
  17  1:17  Spawning Pool  
  16  1:21  Drone  
  18  1:25  Drone  
  18  1:29  Drone  
  19  1:40  Drone  
  20  1:57  Overlord  
  20  2:04  Metabolic Boost  
  20  2:05  Queen  
  20  2:07  Zergling x2  
  23  2:14  Zergling x2  
  23  2:15  Drone  
  25  2:22  Queen  
  27  2:38  Drone x4  
  31  2:50  Drone  
  31  2:51  Drone  
  33  2:56  Drone  
  33  2:58  Baneling Nest  
  33  3:03  Queen  
  35  3:12  Overlord x2  
  35  3:14  Overlord  
  35  3:19  Overlord  
  35  3:30  Zergling x2  
  35  3:31  Zergling x8  
  35  3:32  Zergling x2  
  41  3:34  Zergling x2  
  41  3:37  Zergling x2  
  43  3:43  Zergling x4  
  45  3:49  Zergling x2  
  45  3:54  Zergling x2  
  47  3:59  Baneling x3  
  47  4:00  Baneling  
  47  4:01  Zergling x2  
  48  4:03  Zergling x2  
  49  4:15  Zergling x8  
  49  4:16  Zergling x4  
  55  4:17  Baneling x2  
  55  4:18  Baneling x5  
  55  4:19  Zergling x2  
  55  4:20  Zergling x2  
  57  4:26  Spore Crawler  
  57  4:30  Zergling x2  
  57  4:31  Zergling x2  
  52  4:53  Baneling x5  
  52  4:57  Queen, Spine Crawler  
  52  4:58  Spine Crawler  
  51  5:00  Drone x4  
  51  5:01  Drone  
  42  5:22  Zergling x4  
  42  5:23  Zergling x8  
  48  5:28  Evolution Chamber  
  48  5:29  Drone x2  
  48  5:30  Drone  
  48  5:35  Zergling x2  
  51  5:40  Baneling x5  
  51  5:45  Drone  
  51  5:46  Drone  
  51  5:47  Queen  
  55  5:55  Drone  
  55  5:56  Drone  
  57  6:18  Queen, Hatchery  
  58  6:34  Extractor x2  
  58  6:35  Drone x3  
  58  6:37  Overlord x4  
  58  6:38  Overlord  
  57  7:12  Drone x3  
  57  7:13  Drone x3  
  63  7:31  Queen  
  63  7:34  Drone x4  
  63  7:35  Drone x6  
  74  7:40  Zergling x4  
  74  7:41  Zergling x4  
  77  7:47  Zergling x4  
Show
View Real Time Build Order
Export as new Build Order

HoldTheDoor Protoss - Winner!

Build Orders: 1 Gate Expand 

Get SALT Encoding   

  12  0:01  Probe  
  13  0:13  Probe  
  14  0:18  Pylon  
  14  0:25  Probe  
  15  0:37  Probe  
  15  0:40  Gateway  
  16  0:46  Probe  
  16  0:47  Assimilator  
  17  0:54  Probe  
  17  1:04  Probe  
  19  1:30  Nexus  
  19  1:35  Cybernetics Core  
  19  1:39  Probe  
  20  1:51  Probe  
  20  1:52  Assimilator  
  21  1:55  Pylon  
  21  2:03  Probe  
  22  2:13  Warp Gate, Adept  
  22  2:15  Probe  
  25  2:31  Twilight Council, Probe  
  26  2:43  Probe  
  26  2:44  Gateway  
  27  2:47  Sentry  
  27  2:50  Probe  
  30  2:55  Probe  
  31  3:08  Robotics Facility  
  31  3:14  Probe  
  31  3:15  Probe  
  31  3:17  Adept  
  35  3:28  Probe x2  
  35  3:33  Pylon  
  37  3:36  Resonating Glaives  
  37  3:39  Pylon  
  37  3:40  Probe  
  38  3:45  Probe  
  39  3:52  Probe  
  39  3:54  Warp Prism  
  42  3:59  Probe  
  43  4:04  Gateway  
  43  4:09  Probe  
  44  4:14  Probe  
  44  4:16  Sentry x2  
  49  4:21  Probe  
  50  4:24  Pylon  
  50  4:26  Probe  
  50  4:30  Immortal  
  55  4:40  Adept  
  55  4:41  Adept  
  55  5:03  Adept x2  
  59  5:15  Immortal  
  61  5:31  Sentry  
  61  5:34  Probe x2  
  65  5:36  Zealot  
  67  5:47  Gateway  
  67  5:48  Pylon  
  67  5:51  Pylon  
  67  5:53  Adept  
  69  6:11  Pylon x2  
  69  6:14  Pylon x2  
  69  6:18  Gateway  
  69  6:19  Gateway  
  69  6:20  Probe x2  
  69  6:22  Gateway  
  69  6:24  Assimilator  
  69  6:25  Gateway  
  71  6:27  Gateway  
  71  6:28  Immortal  
  75  6:47  Adept  
  75  6:48  Adept x2  
  81  7:40  Adept  
  81  7:41  Adept x6  
Tags
 
Add a new tag
Caveats
  • Supply blocks, unpowered buildings, or Contaminate may cause inaccurate times.
  • Supply counts are checked every 10 seconds.